 Dungeon Crawl Stone Soup version 0.23.0 (webtiles) character file.

Game seed: 1823486333929948930

60 Masnef the Grasshopper (level 3, -2/16 HPs)
             Began as a Felid Warper on Feb 17, 2019.
             Slain by an adder (4 damage)
             ... on level 3 of the Dungeon.
             The game lasted 00:05:03 (2449 turns).

Masnef the Grasshopper (Felid Warper)               Turns: 2449, Time: 00:05:03

Health: -2/16      AC:  1    Str:  7    XL:     3   Next: 80%
Magic:  7/7        EV: 18    Int: 15    God:
Gold:   135        SH:  0    Dex: 15    Spells: 4/6 levels left
                                        Lives:  0   Deaths: 0

rFire    . . .     SeeInvis +     - Unarmed
rCold    . . .     Gourm    .   (shield unavailable)
rNeg     . . .     Faith    .   (armour unavailable)
rPois    .         Spirit   .   (helmet unavailable)
rElec    .         Reflect  .   (cloak unavailable)
rCorr    .         Harm     .   (gloves unavailable)
MR       .....                  (boots unavailable)
Stlth    ++++......             (no amulet)
HPRegen  0.05/turn              l - ring of stealth
MPRegen  0.10/turn              (no ring)

@: quick
A: very small, no armour, no weapons or thrown items, stealth, claws 1, fangs 3,
see invisible, carnivore, speed 1, shaggy fur 1, slow metabolism 1, sharp paws
a: no special abilities


You were on level 3 of the Dungeon.
You were hungry.

You visited 1 branch of the dungeon, and saw 3 of its levels.

You collected 135 gold pieces.

Inventory:

Jewellery
 l - a ring of stealth (left paw)
Scrolls
 a - 2 scrolls of enchant weapon {unknown}
 b - a scroll of blinking
 e - 2 scrolls of identify {unknown}
 f - a scroll of immolation {unknown}
 g - a scroll of enchant armour {unknown}
 h - 2 scrolls of remove curse {unknown}
 i - 2 scrolls of teleportation {unknown}
 j - a scroll of amnesia {unknown}
Potions
 d - 2 potions of curing
 k - a potion of flight {unknown}
Comestibles
 c - 5 rations


   Skills:
 * Level 2.0 Fighting
 + Level 3.3 Dodging
 + Level 4.1 Stealth
 + Level 2.7 Unarmed Combat
 - Level 2.0 Spellcasting
 - Level 4.4 Translocations


You had 4 spell levels left.
You knew the following spells:

 Your Spells              Type           Power        Failure   Level  Hunger
b - Blink                 Tloc           N/A          5%          2    ###....

Your spell library contained the following spells:

 Spells                   Type           Power        Failure   Level  Hunger
 Gell's Gravitas          Tloc           ##........   11%         3    ###....
 Lesser Beckoning         Tloc           ##........   11%         3    ###....
 Teleport Other           Tloc           ##......     11%         3    ###....
 Shroud of Golubria       Chrm/Tloc      #.........   14%         2    ###....
 Passage of Golubria      Tloc           N/A          36%         4    #####..


Dungeon Overview and Level Annotations

Branches:
Dungeon (3/15)

Altars:
Hepliaklqana
Trog

Annotations:
D:3 Ijyb


Innate Abilities, Weirdness & Mutations

You cannot wear armour.
You are incapable of wielding weapons or throwing items.
Your paws allow you to move quietly. (Stealth)
You have sharp claws.
You have razor-sharp teeth.
You have supernaturally acute eyesight. (SInv)
You are carnivorous and can eat meat at any time.
You cover ground quickly.
You are covered in fur. (AC +1)
You have a slow metabolism.
Your sharp claws are effective at attacking unaware monsters.


Message History

A kobold comes into view. It is wielding a +0 dagger.
Ijyb hits you but does no damage.
The kobold shouts!
You see here a scroll labeled LOEBLITZUPH.
Ijyb rages.
Ijyb is no longer berserk.
The kobold misses you.
You closely miss the kobold. The kobold misses you.
An adder comes into view.
You scratch the kobold.
You kill the kobold!
Ijyb hits you but does no damage.
Things that are here:
a +0 dagger; a stone A kobold comes into view.
It is wielding a -1 dagger.
The adder closely misses you.
You scratch the adder.
The adder is heavily wounded.
The adder bites you.
You die...

## .# #.
#K## #.S#
#@# #)#
#g# #.#
#.#######
#?.....?.
..
#........
.#
#.#######
.# #.# .#


You could see Ijyb, an adder and a kobold.

Vanquished Creatures
  An adder (D:2)
  2 oozes
  2 dart slugs
  A leopard gecko (D:2)
  2 ball pythons
  2 giant cockroaches
  5 hobgoblins
  3 jackals (D:1)
  5 kobolds
  3 bats
  2 frilled lizards
  2 goblins
  6 rats
36 creatures vanquished.

Notes
Turn   | Place    | Note
-------+----------+-------------------------------------------
     0 | D:1      | Masnef the Felid Warper began the quest for the Orb.
     0 | D:1      | Reached XP level 1. HP: 9/9 MP: 4/4
    28 | D:1      | Reached skill level 1 in Stealth
   155 | D:1      | Reached XP level 2. HP: 12/13 MP: 6/6
   677 | D:1      | Reached XP level 3. HP: 13/16 MP: 7/7
  1327 | D:2      | Learned a level 2 spell: Blink
  1439 | D:2      | Found a bloodstained altar of Trog.
  1439 | D:2      | Found a hazy altar of Hepliaklqana.
  2408 | D:3      | Noticed Ijyb
  2449 | D:3      | Slain by an adder

Skill      XL: |  1  2  3 |
---------------+----------+-----
Stealth        | 2 3 4 |  4.1
Fighting       | |  2.0
Dodging        | |  3.3
Unarmed Combat | |  2.7
Spellcasting   | |  2.0
Translocations | |  4.4

Action                   || total
-------------------------++-------
Melee: Unarmed           ||   140
       Bite              ||    10
  Use: Potion            ||     2
 Stab: Sleeping          ||    13
  Eat: Chunk             ||     1
Armor: Skin              ||     7
Dodge: Dodged            ||   114
